BLB
CAROLINA TOBS @ WINDY CITY BLUES
08/17/2059
 
TOP OF THE 1ST
Carolina Tobs batting - Pitching for Windy City Blues : RHP Cade Hogan
Pitching: RHP Cade Hogan
Batting: LHB Spencer DeSimone 0-0: Called Strike
0-1: Called Strike
0-2: Foul Ball, location: 2F
0-2: Foul Ball, location: 2F
0-2: Foul Ball, location: 2F
0-2: Ground out 4-3 (Groundball, 4, EV 95.0 MPH)
Batting: LHB Clay Newhouse 0-0: Swinging Strike
0-1: Hit by Pitch
Batting: LHB Trent West 0-0: Called Strike
0-1: Ball
1-1: Foul Ball, location: 2F
1-2: Ball
2-2: Foul Ball, location: 2F
2-2: Grounds out, U3 (Groundball, 3L, EV 100.6 MPH)
Batting: LHB Evan Turner 0-0: DOUBLE (Flyball, 8RXD, EV 100.0 MPH)
Clay Newhouse scores
Batting: RHB Rykeem Potts 0-0: Ball
1-0: Called Strike
1-1: Fly out, F8 (Flyball, 8RXD, EV 91.2 MPH)
Top of the 1st over - 1 run, 1 hit, 0 errors, 1 left on base; Carolina 1 - Windy City 0
BOTTOM OF THE 1ST
Windy City Blues batting - Pitching for Carolina Tobs : RHP Charlie Spence
Pitching: RHP Charlie Spence
Batting: RHB Ty Dec 0-0: Foul Ball, location: 2F
0-1: Called Strike
0-2: Ball
1-2: Ground out 4-3 (Groundball, 4M, EV 100.0 MPH)
Batting: RHB Dulani Cherry 0-0: Foul Ball, location: 2F
0-1: Called Strike
0-2: Ball
1-2: Ball
2-2: Strikes out swinging
Batting: RHB Ezekiel Wolfson 0-0: Ball
1-0: Ball
2-0: Called Strike
2-1: Ball
3-1: DOUBLE (Line Drive, 9LD, EV 109.4 MPH)
Batting: LHB Idris Wnuk 0-0: Called Strike
0-1: Ball
1-1: Ball
2-1: SINGLE (Line Drive, 8RS, EV 95.6 MPH)
Ezekiel Wolfson to third
Runner from 3rd tries for Home, SAFE, throw by CF to home
Batting: RHB Corbin Herron 0-0: Called Strike
0-1: Called Strike
0-2: Foul Ball, location: 2F
0-2: Ball
1-2: SINGLE (Line Drive, 5D, EV 99.4 MPH)
Idris Wnuk to second
Batting: RHB Conner Hawkins 0-0: Fly out, F8 (Flyball, 8LD, EV 99.4 MPH)
Bottom of the 1st over - 1 run, 3 hits, 0 errors, 2 left on base; Carolina 1 - Windy City 1
TOP OF THE 2ND
Carolina Tobs batting - Pitching for Windy City Blues : RHP Cade Hogan
Batting: LHB Kyle Siebert 0-0: Ball
1-0: Foul Ball, location: 2F
1-1: Ball
2-1: Swinging Strike
2-2: Foul Ball, location: 2F
2-2: Ball
3-2: SINGLE (Line Drive, 8LS, EV 107.5 MPH)
Batting: LHB Obie Biggs 0-0: Called Strike
0-1: Ball
1-1: Foul Ball, location: 2F
1-2: Fly out, F7 (Flyball, 7S, EV 86.9 MPH)
Batting: SHB Sean Benjamin 0-0: Called Strike
0-1: Ball
1-1: Swinging Strike
1-2: Ball
2-2: Foul Ball, location: 2F
2-2: TRIPLE (Line Drive, 89XD, EV 101.2 MPH)
Kyle Siebert scores
Batting: RHB Casey Suggs 0-0: Ball
1-0: SINGLE (Groundball, 25, EV 67.5 MPH) (infield hit)
Batting: LHB Spencer DeSimone 0-0: Fly out, F7 (Line Drive, 7LM, EV 110.6 MPH)
Runner from 3rd tags up, SCORES, no throw by LF
Batting: LHB Clay Newhouse 0-0: Ball
1-0: Foul Ball, location: 2F
1-1: Ground out 6-3 (Groundball, P, EV 83.1 MPH)
Top of the 2nd over - 2 runs, 3 hits, 0 errors, 1 left on base; Carolina 3 - Windy City 1
BOTTOM OF THE 2ND
Windy City Blues batting - Pitching for Carolina Tobs : RHP Charlie Spence
Batting: RHB Adrien Jimenez 0-0: Called Strike
0-1: DOUBLE (Flyball, 8RXD, EV 100.0 MPH)
Batting: RHB Ron Shotwell 0-0: Called Strike
0-1: SINGLE (Groundball, 6M, EV 104.4 MPH) (infield hit)
Adrien Jimenez to third
Batting: RHB Del Tarrance 0-0: Called Strike
0-1: Called Strike
0-2: Grounds into double play, 4-6-3 (Groundball, 4, EV 100.6 MPH)
Adrien Jimenez scores
Batting: RHB Ty Dec 0-0: Foul Ball, location: 2F
0-1: Foul Ball, location: 2F
0-2: Ball
1-2: Ball
2-2: Ball
3-2: Base on Balls
Batting: RHB Dulani Cherry 0-0: Ball
1-0: Ball
2-0: Fly out, F9 (Line Drive, 89M, EV 95.0 MPH)
Bottom of the 2nd over - 1 run, 2 hits, 0 errors, 1 left on base; Carolina 3 - Windy City 2
TOP OF THE 3RD
Carolina Tobs batting - Pitching for Windy City Blues : RHP Cade Hogan
Batting: LHB Trent West 0-0: Ball
1-0: Ball
2-0: Ball
3-0: Called Strike
3-1: Foul Ball, location: 2F
3-2: SINGLE (Groundball, 5D, EV 111.2 MPH)
Batting: LHB Evan Turner 0-0: Ball
1-0: Foul Ball, location: 2F
1-1: Ball
2-1: Foul Ball, location: 2F
2-2: Strikes out looking
Batting: RHB Rykeem Potts 0-0: DOUBLE (Line Drive, 9LD, EV 101.2 MPH)
Trent West to third
Batting: LHB Kyle Siebert 0-0: Called Strike
0-1: Ball
1-1: Foul Ball, location: 2F
1-2: Strikes out swinging
Batting: LHB Obie Biggs 0-0: Swinging Strike
0-1: Swinging Strike
0-2: Strikes out looking
Top of the 3rd over - 0 runs, 2 hits, 0 errors, 2 left on base; Carolina 3 - Windy City 2
BOTTOM OF THE 3RD
Windy City Blues batting - Pitching for Carolina Tobs : RHP Charlie Spence
Batting: RHB Ezekiel Wolfson 0-0: Called Strike
0-1: Called Strike
0-2: Ball
1-2: Strikes out swinging, 2-3 out at first.
Batting: LHB Idris Wnuk 0-0: DOUBLE (Line Drive, 78XD, EV 100.6 MPH)
Batting: RHB Corbin Herron 0-0: Ball
1-0: Ball
2-0: Ball
3-0: Called Strike
3-1: Foul Ball, location: 2F
3-2: Strikes out swinging, 2-3 out at first.
Batting: RHB Conner Hawkins 0-0: Called Strike
0-1: Ball
1-1: Ball
2-1: SINGLE (Groundball, 6D, EV 103.8 MPH)
Idris Wnuk to third
Runner from 3rd tries for Home, SAFE, throw by CF to home
Batting: RHB Adrien Jimenez 0-0: Ball
Wild Pitch!
Conner Hawkins to second
1-0: Foul Ball, location: 2F
1-1: Ball
2-1: Foul Ball, location: 2F
2-2: Foul Ball, location: 2F
2-2: Ball
3-2: Base on Balls
Batting: RHB Ron Shotwell 0-0: Ball
1-0: Called Strike
1-1: Fly out, F8 (Line Drive, 89M, EV 93.8 MPH)
Bottom of the 3rd over - 1 run, 2 hits, 0 errors, 2 left on base; Carolina 3 - Windy City 3
TOP OF THE 4TH
Carolina Tobs batting - Pitching for Windy City Blues : RHP Cade Hogan
Batting: SHB Sean Benjamin 0-0: DOUBLE (Groundball, 3L, EV 105.0 MPH)
Batting: RHB Casey Suggs 0-0: Ball
1-0: Swinging Strike
1-1: Swinging Strike
1-2: Strikes out swinging
Batting: LHB Spencer DeSimone 0-0: DOUBLE (Line Drive, 8RXD, EV 110.0 MPH)
Sean Benjamin scores
Batting: LHB Clay Newhouse 0-0: Swinging Strike
0-1: Ground out 4-3 (Groundball, 4, EV 86.9 MPH)
Spencer DeSimone to third
Batting: LHB Trent West 0-0: Foul Ball, location: 2F
0-1: Ball
1-1: Swinging Strike
1-2: Strikes out swinging
Top of the 4th over - 1 run, 2 hits, 0 errors, 1 left on base; Carolina 4 - Windy City 3
BOTTOM OF THE 4TH
Windy City Blues batting - Pitching for Carolina Tobs : RHP Charlie Spence
Batting: RHB Del Tarrance 0-0: Bunted foul
0-1: Ball
1-1: SINGLE (Flyball, 8LS, EV 85.6 MPH)
Batting: RHB Ty Dec 0-0: Foul Ball, location: 2F
0-1: Swinging Strike
0-2: Strikes out looking
Batting: RHB Dulani Cherry 0-0: Ball
1-0: Called Strike
1-1: Called Strike
1-2: Foul Ball, location: 2F
1-2: Foul Ball, location: 2F
1-2: Fly out, F9 (Flyball, 89XD, EV 93.1 MPH)
Batting: RHB Ezekiel Wolfson 0-0: Ball
1-0: Ball
2-0: Swinging Strike
2-1: Foul Ball, location: 2F
2-2: SINGLE (Line Drive, 7LS, EV 100.0 MPH)
Del Tarrance to second
Batting: LHB Idris Wnuk 0-0: Called Strike
0-1: Ball
1-1: Foul Ball, location: 2F
1-2: Fly out, F8 (Line Drive, 8LD, EV 102.5 MPH)
Bottom of the 4th over - 0 runs, 2 hits, 0 errors, 2 left on base; Carolina 4 - Windy City 3
TOP OF THE 5TH
Carolina Tobs batting - Pitching for Windy City Blues : RHP Cade Hogan
Batting: LHB Evan Turner 0-0: Called Strike
0-1: Ball
1-1: Foul Ball, location: 2F
1-2: DOUBLE (Line Drive, 89M, EV 106.9 MPH)
Batting: RHB Rykeem Potts 0-0: Ball
1-0: SINGLE (Groundball, 6MD, EV 104.4 MPH)
Evan Turner to third
Runner from 3rd tries for Home, SAFE, throw by CF to home
Rykeem Potts to second
Pitching: RHP Grant Randolph
Batting: LHB Kyle Siebert 0-0: Foul Ball, location: 2F
0-1: Ball
1-1: Swinging Strike
1-2: Fly out, F8 (Flyball, 8LD, EV 91.9 MPH)
Runner from 2nd tags up, OUT at 3rd! 8-5
Batting: LHB Obie Biggs 0-0: Ball
1-0: Fly out, F8 (Flyball, 78M, EV 87.5 MPH)
Top of the 5th over - 1 run, 2 hits, 0 errors, 0 left on base; Carolina 5 - Windy City 3
BOTTOM OF THE 5TH
Windy City Blues batting - Pitching for Carolina Tobs : RHP Charlie Spence
Batting: RHB Corbin Herron 0-0: Fly out, F8 (Flyball, 8RM, EV 85.0 MPH)
Batting: RHB Conner Hawkins 0-0: Foul Ball, location: 2F
0-1: Foul Ball, location: 2F
0-2: Strikes out swinging
Batting: RHB Adrien Jimenez 0-0: Foul Ball, location: 2F
0-1: Ball
1-1: Swinging Strike
1-2: Foul Ball, location: 2F
1-2: Foul Ball, location: 2F
1-2: Strikes out swinging
Bottom of the 5th over - 0 runs, 0 hits, 0 errors, 0 left on base; Carolina 5 - Windy City 3
TOP OF THE 6TH
Carolina Tobs batting - Pitching for Windy City Blues : RHP Grant Randolph
Batting: SHB Sean Benjamin 0-0: Ball
1-0: Foul Ball, location: 2F
1-1: Ball
2-1: Swinging Strike
2-2: SINGLE (Line Drive, 8LS, EV 95.0 MPH)
Batting: RHB Casey Suggs 0-0: Ball
1-0: Called Strike
1-1: SINGLE (Groundball, 6MD, EV 103.8 MPH)
Sean Benjamin to second
Runner from 2nd tries for 3rd, SAFE, throw by CF made to third
Batting: LHB Spencer DeSimone 0-0: Called Strike
0-1: Ball
1-1: Called Strike
1-2: Strikes out swinging
Batting: LHB Clay Newhouse 0-0: Called Strike
Casey Suggs steals 2nd base
0-1: Ball
1-1: Fly out, F8 (Line Drive, 8RS, EV 90.0 MPH)
Runner from 3rd tags up, SCORES, throw by CF
Casey Suggs to third
Batting: LHB Trent West 0-0: Ball
1-0: Ball
2-0: Called Strike
2-1: Swinging Strike
2-2: Foul Ball, location: 2F
2-2: Foul Ball, location: 2F
2-2: Ball
3-2: Strikes out looking
Top of the 6th over - 1 run, 2 hits, 0 errors, 1 left on base; Carolina 6 - Windy City 3
BOTTOM OF THE 6TH
Windy City Blues batting - Pitching for Carolina Tobs : RHP Charlie Spence
Batting: RHB Ron Shotwell 0-0: Swinging Strike
0-1: Foul Ball, location: 2F
0-2: Ball
1-2: Foul Ball, location: 2F
1-2: Strikes out swinging, 2-3 out at first.
Batting: RHB Del Tarrance 0-0: Called Strike
0-1: Called Strike
0-2: Strikes out swinging
Batting: RHB Ty Dec 0-0: Ball
1-0: Ball
2-0: Ball
3-0: Called Strike
3-1: SINGLE (Line Drive, 78S, EV 105.6 MPH)
Batting: RHB Dulani Cherry 0-0: Foul Ball, location: 2F
0-1: Foul Ball, location: 2F
0-2: DOUBLE (Line Drive, 7LD, EV 104.4 MPH)
Ty Dec to third
Runner from 3rd tries for Home, SAFE, throw by LF to home
Batting: RHB Ezekiel Wolfson 0-0: Ball
1-0: Called Strike
1-1: Ball
2-1: Foul Ball, location: 2F
2-2: Strikes out swinging
Bottom of the 6th over - 1 run, 2 hits, 0 errors, 1 left on base; Carolina 6 - Windy City 4
TOP OF THE 7TH
Carolina Tobs batting - Pitching for Windy City Blues : RHP Grant Randolph
Pitching: RHP R.V. Weatherby
Batting: LHB Evan Turner 0-0: Ball
1-0: Swinging Strike
1-1: Fly out, F8 (Flyball, 8LD, EV 74.4 MPH)
Batting: RHB Rykeem Potts 0-0: Ball
1-0: Foul Ball, location: 2F
1-1: Foul Ball, location: 2F
1-2: Fly out, F7 (Line Drive, 7LM, EV 94.4 MPH)
Batting: LHB Kyle Siebert 0-0: Ground out 6-3 (Groundball, 4MS, EV 70.0 MPH)
Top of the 7th over - 0 runs, 0 hits, 0 errors, 0 left on base; Carolina 6 - Windy City 4
BOTTOM OF THE 7TH
Windy City Blues batting - Pitching for Carolina Tobs : RHP Charlie Spence
Pitching: RHP Drew Daniels
Batting: LHB Idris Wnuk 0-0: Ball
1-0: Ball
2-0: Foul Ball, location: 2F
2-1: Called Strike
2-2: Ball
3-2: Base on Balls
Batting: RHB Corbin Herron 0-0: Called Strike
0-1: Called Strike
0-2: Ball
1-2: Ball
2-2: Strikes out swinging
Batting: RHB Conner Hawkins 0-0: Called Strike
0-1: Ball
1-1: Swinging Strike
1-2: Strikes out swinging
Batting: RHB Adrien Jimenez 0-0: Ball
1-0: Ball
2-0: Ball
3-0: Called Strike
3-1: Called Strike
3-2: Foul Ball, location: 2F
3-2: Strikes out looking
Bottom of the 7th over - 0 runs, 0 hits, 0 errors, 1 left on base; Carolina 6 - Windy City 4
TOP OF THE 8TH
Carolina Tobs batting - Pitching for Windy City Blues : RHP R.V. Weatherby
Batting: LHB Obie Biggs 0-0: Foul Ball, location: 2F
0-1: Called Strike
0-2: Ball
1-2: Ball
2-2: SOLO HOME RUN (Flyball, 9D, EV 94.4 MPH), Distance : 359 ft
Batting: SHB Sean Benjamin 0-0: Ball
1-0: SINGLE (Groundball, 6, EV 96.2 MPH)
Batting: RHB Casey Suggs 0-0: Ball
1-0: Called Strike
1-1: Foul Ball, location: 2F
1-2: Ball
2-2: Strikes out swinging
Batting: LHB Spencer DeSimone 0-0: Fly out, F9 (Flyball, 89M, EV 74.4 MPH)
Batting: LHB Clay Newhouse 0-0: Ball
1-0: Ball
Sean Benjamin steals 2nd, throwing error, E2
Sean Benjamin to third
2-0: Ball
3-0: Base on Balls
Batting: LHB Trent West 0-0: Called Strike
0-1: Called Strike
0-2: Foul Ball, location: 2F
0-2: Foul Ball, location: 2F
0-2: Ball
1-2: Ball
2-2: Foul Ball, location: 2F
2-2: Ball
3-2: Foul Ball, location: 2F
3-2: Foul Ball, location: 2F
3-2: 3-RUN HOME RUN (Flyball, 8RXD, EV 113.8 MPH), Distance : 433 ft
Pitching: RHP Keegan Davies
Batting: LHB Evan Turner 0-0: Ball
1-0: Foul Ball, location: 2F
1-1: Foul Ball, location: 2F
1-2: SOLO HOME RUN (Flyball, 9D, EV 99.4 MPH), Distance : 365 ft
Batting: RHB Rykeem Potts 0-0: Ball
1-0: Foul Ball, location: 2F
1-1: Foul Ball, location: 2F
1-2: SINGLE (Line Drive, 89M, EV 108.1 MPH)
Batting: LHB Kyle Siebert 0-0: Ball
1-0: Ball
2-0: Foul Ball, location: 2F
2-1: Ball
3-1: Called Strike
3-2: Base on Balls
Rykeem Potts to second
Batting: LHB Obie Biggs 0-0: Ball
1-0: Called Strike
1-1: Ball
2-1: Foul Ball, location: 2F
2-2: Foul Ball, location: 2F
2-2: Strikes out swinging
Top of the 8th over - 5 runs, 5 hits, 1 error, 2 left on base; Carolina 11 - Windy City 4
BOTTOM OF THE 8TH
Windy City Blues batting - Pitching for Carolina Tobs : RHP Drew Daniels
Batting: RHB Ron Shotwell 0-0: Ball
1-0: Called Strike
1-1: Ball
2-1: Fly out, F8 (Flyball, 8RS, EV 86.9 MPH)
Batting: RHB Del Tarrance 0-0: Foul Ball, location: 2F
0-1: Ground out 5-3 (Groundball, 56, EV 82.5 MPH)
Batting: RHB Ty Dec 0-0: Called Strike
0-1: Ball
1-1: Ball
2-1: Ball
3-1: Base on Balls
Batting: RHB Dulani Cherry 0-0: Ground out U3 (Groundball, 34, EV 82.5 MPH)
Bottom of the 8th over - 0 runs, 0 hits, 0 errors, 1 left on base; Carolina 11 - Windy City 4
TOP OF THE 9TH
Carolina Tobs batting - Pitching for Windy City Blues : RHP Keegan Davies
Batting: SHB Sean Benjamin 0-0: Ball
1-0: Fly out, F9 (Flyball, 9LSF, EV 78.8 MPH)
Batting: RHB Casey Suggs 0-0: Fly out, F8 (Flyball, 78M, EV 91.9 MPH)
Batting: LHB Spencer DeSimone 0-0: Called Strike
0-1: Ball
1-1: Foul Ball, location: 2F
1-2: Ball
2-2: Strikes out swinging
Top of the 9th over - 0 runs, 0 hits, 0 errors, 0 left on base; Carolina 11 - Windy City 4
BOTTOM OF THE 9TH
Windy City Blues batting - Pitching for Carolina Tobs : RHP Drew Daniels
Batting: RHB Ezekiel Wolfson 0-0: Foul Ball, location: 2F
0-1: Ground out 4-3 (Groundball, 4, EV 103.1 MPH)
Batting: LHB Idris Wnuk 0-0: Foul Ball, location: 2F
0-1: Ball
1-1: Ball
2-1: Swinging Strike
2-2: Ball
3-2: Strikes out swinging
Batting: RHB Corbin Herron 0-0: Fly out, F7 (Flyball, 7, EV 79.4 MPH)
Bottom of the 9th over - 0 runs, 0 hits, 0 errors, 0 left on base; Carolina 11 - Windy City 4
Saturday, March 23rd , 2024 - OOTP Baseball 23.10 Build 110